 Dungeon Crawl Stone Soup version 0.16.1-18-g436b03c (webtiles) character file.

144 Golfball the Grave Robber (level 5, 37/37 HPs)
             Began as a Demonspawn Necromancer on Apr 29, 2015.
             Quit the game on level 3 of the Dungeon.
             The game lasted 00:26:39 (2907 turns).

Golfball the Grave Robber (Demonspawn Necromancer)  Turns: 2907, Time: 00:26:39

Health: 37/37      AC:  7    Str:  9    XL:     5   Next: 5%
Magic:  11/11      EV: 12    Int: 17    God:
Gold:   115        SH:  0    Dex: 13    Spells: 4 memorised, 2 levels left

rFire  + . .     SeeInvis .     w - -2 hammer (curse)
rCold  x . .     Clarity  .     a - +0 robe
rNeg   . . .     SustAb   .     (no shield)
rPois  +         Gourm    .     (no helmet)
rElec  .         Spirit   .     v - +1 cloak {rPois}
rCorr  .         Warding  .     (no gloves)
rMut   .         Stasis   .     (no boots)
MR     .....                    (no amulet)
Stlth  ++........               m - ring of fire
                                g - ring of flight

@: not resistant to hostile enchantments, unstealthy
A: thin metallic scales 2
a: Evoke Flight


You were on level 3 of the Dungeon.
You were not hungry.

You visited 1 branch of the dungeon, and saw 3 of its levels.

You collected 115 gold pieces.

Inventory:

Hand weapons
 r - a +0 blowgun
 t - a +2 dagger of venom
 w - a cursed -2 hammer (weapon)
 x - a +3 quarterstaff of chaos
 y - a cursed -1 hammer
 z - a +0 hammer
 A - a +0 hammer
Missiles
 s - 17 poisoned needles
Armour
 a - a +0 robe (worn)
 v - a +1 cloak of poison resistance (worn)
Jewellery
 g - a ring of flight (left hand)
 m - a ring of fire (right hand)
Magical devices
 l - a wand of polymorph (4)
Scrolls
 e - 4 scrolls of teleportation
 f - 2 scrolls of fear
Potions
 h - a potion of degeneration {unknown}
 i - a potion of agility {unknown}
 j - a potion of restore abilities {unknown}
 n - 2 potions of berserk rage
 p - a potion of poison {unknown}
 u - a potion of brilliance {unknown}
Books
 b - a book of Necromancy

   Spells                             Type                      Level
   a - Pain                           Necromancy                   1
   b - Animate Skeleton               Necromancy                   1
   c - Vampiric Draining              Necromancy                   3
   d - Regeneration                   Charms/Necromancy            3
   e - Animate Dead                   Necromancy                   4
   f - Control Undead                 Necromancy                   4
Comestibles
 c - 2 bread rations
 d - 4 chunks of flesh
 k - a slice of pizza
 o - a meat ration


   Skills:
 * Level 1.1 Fighting
 * Level 1.2 Short Blades
 * Level 0.3 Throwing
 + Level 1.8 Dodging
 * Level 1.9 Stealth
 - Level 0.1 Unarmed Combat
 + Level 3.1 Spellcasting
 + Level 5.4 Necromancy
 * Level 0.4 Evocations


You had 2 spell levels left.
You knew the following spells:

 Your Spells              Type           Power        Failure   Level  Hunger
a - Pain                  Necr           ###.         1%          1    None
b - Animate Skeleton      Necr           N/A          1%          1    None
c - Vampiric Draining     Necr           ###.......   8%          3    ###....
d - Regeneration          Chrm/Necr      ##........   17%         3    ###....


Dungeon Overview and Level Annotations

Branches:
Dungeon (3/15)

Altars:
Sif Muna


Innate Abilities, Weirdness & Mutations

You are mostly covered in thin metallic scales (AC +3).


Message History

x - a quarterstaff of chaos You swap places.
There is an open door here.
You swap places.
You see here a hammer.
y - a hammer You see here a hammer.
z - a hammer You see here a hammer.
A - a hammer Wield which item (- for none, * to show all)? (? for menu, Esc to quit)
Your +2 dagger of venom stops dripping with poison.
It sticks to your hand!
w - a cursed -2 hammer (weapon)
Read which item? (? for menu, Esc to quit)
As you read the scroll labeled OTURUY SUMARRO, it crumbles to dust.
It is a scroll of identify.
Identify which item? (\ to view known items) (? for menu, Esc to quit)
n - 2 potions of berserk rage Are you sure you want to abandon this character and quit the game? (Confirm with "yes".)

################
.Z..............
.###...........#
.......#######.# #..
..........# ##.## #.. #
#.##.Z#Z#.###...########..
#.##..#...................##
#.##..#######....######. ..#
#.##..# ##..@## #..#.#
=.<...# #.ZZ.# #..#.######
#.###.# #..Z.# #..........
.....)# ♣..Z.♣ #..#.######
#.###.#### ♣♣...♣ # #.#
#........# ♣♣Z♣♣ #.#
#........# ♣♣.♣ #.#
#.....)..# ♣.♣♣ #.######
##.......# ♣♣Z♣ #.......


You could see 3 friendly rat skeletons, a friendly kobold skeleton and the
friendly Crazy Yiuf the gnoll skeleton.

Vanquished Creatures
  Crazy Yiuf (D:3)
  3 adders (D:2)
  A giant mite (D:3)
  A worm (D:2)
  3 giant geckos
  3 oozes
  11 bats
  A giant cockroach (D:1)
  7 hobgoblins
  6 jackals
  A quokka (D:3)
  2 giant newts
  3 goblins (D:2)
  7 kobolds
  9 rats
59 creatures vanquished.

Vanquished Creatures (collateral kills)
  A worm (D:2)
  An ooze (D:2)
  2 bats
  A goblin (D:2)
  3 jackals
  A rat (D:2)
9 creatures vanquished.

Vanquished Creatures (others)
  3 bat skeletons
  A giant gecko skeleton (D:2)
  A goblin skeleton (D:2)
  A jackal skeleton (D:2)
  A kobold skeleton (D:2)
7 creatures vanquished.

Grand Total: 75 creatures vanquished

Notes
Turn   | Place    | Note
--------------------------------------------------------------
     0 | D:1      | Golfball, the Demonspawn Necromancer, began the quest for the Orb.
     0 | D:1      | Reached XP level 1. HP: 13/13 MP: 3/3
   125 | D:1      | Learned a level 1 spell: Animate Skeleton
   360 | D:1      | Gained mutation: You are partially covered in thin metallic scales (AC +2). [demonic ancestry]
   360 | D:1      | Reached XP level 2. HP: 17/19 MP: 2/4
  1161 | D:2      | Reached skill level 5 in Necromancy
  1161 | D:2      | Reached XP level 3. HP: 16/24 MP: 0/6
  1847 | D:2      | Reached skill level 1 in Fighting
  1847 | D:2      | Reached skill level 1 in Short Blades
  1847 | D:2      | Reached XP level 4. HP: 22/32 MP: 2/8
  2127 | D:2      | Learned a level 3 spell: Vampiric Draining
  2131 | D:2      | Learned a level 3 spell: Regeneration
  2312 | D:3      | Found a deep blue altar of Sif Muna.
  2846 | D:3      | Noticed Crazy Yiuf
  2859 | D:3      | Killed Crazy Yiuf
  2859 | D:3      | Gained mutation: You are mostly covered in thin metallic scales (AC +3). [demonic ancestry]
  2859 | D:3      | Reached XP level 5. HP: 34/37 MP: 8/11
  2907 | D:3      | Quit the game

Action                   |  1- 3 |  4- 6 || total
-------------------------+-------+-------++-------
Melee: Unarmed           |    31 |     8 ||    39
       Dagger            |    21 |    14 ||    35
 Cast: Pain              |    71 |    31 ||   102
       Animate Skeleton  |    18 |    11 ||    29
  Use: Scroll            |     4 |     3 ||     7
  Eat: Chunk             |     4 |     3 ||     7
